 Dungeon Crawl Stone Soup version 0.19.5 (webtiles) character file.

268 JeffiDaFish the Shooter (level 6, -2/30 HPs)
             Began as a Spriggan Hunter on Dec 15, 2017.
             Slain by JeffiDaFish's ghost (4 damage)
             ... on level 3 of the Dungeon.
             The game lasted 00:05:56 (1950 turns).

JeffiDaFish the Shooter (Spriggan Hunter)           Turns: 1950, Time: 00:05:56

Health: -2/30      AC:  2    Str:  8    XL:     6   Next: 0%
Magic:  7/7        EV: 19    Int: 13    God:
Gold:   95         SH:  0    Dex: 18    Spells: 0 memorised, 5 levels left

rFire  . . .     SeeInvis +     b - +0 rapier (venom)
rCold  . . .     Gourm    .     c - +0 robe
rNeg   . . .     Faith    .     (shield restricted)
rPois  .         Spirit   .     k - +0 hat
rElec  .         Reflect  .     (no cloak)
rCorr  .         Harm     .     (gloves unavailable)
MR     +....                    (boots unavailable)
Stlth  ++........               h - amulet of magic regeneration
                                (no ring)
                                (no ring)

@: very slightly contaminated, hasted, very quick
A: unfitting armour, see invisible, herbivore 3, speed 3, slow metabolism 2
a: no special abilities


You were on level 3 of the Dungeon.
You were not hungry.

You visited 1 branch of the dungeon, and saw 3 of its levels.

You collected 95 gold pieces.

Inventory:

Hand Weapons
 a - a +2 shortbow
 b - a +0 rapier of venom (weapon)
Armour
 c - a +0 robe (worn)
 k - a +0 hat (worn)
Jewellery
 h - an amulet of magic regeneration (around neck)
Scrolls
 i - a scroll of fog
 j - a scroll of identify
Comestibles
 f - 3 bread rations
 g - a royal jelly


   Skills:
 + Level 2.2 Fighting
 * Level 1.2 Short Blades
 + Level 7.7 Bows
 * Level 3.9 Dodging
 + Level 2.6 Stealth


You had 5 spell levels left.
You didn't know any spells.

Dungeon Overview and Level Annotations

Branches:
Dungeon (3/15)

Altars:

Annotations:
D:3 JeffiDaFish's ghost, amateur SpHu


Innate Abilities, Weirdness & Mutations

You are very small and have problems with some larger weapons.
You are too small for most types of armour.
You have supernaturally acute eyesight. (SInv)
You are a herbivore.
You cover ground extremely quickly.
You need consume almost no food.


Message History

You feel yourself speed up. JeffiDaFish's ghost hits you.
* * * LOW HITPOINT WARNING * * *
You are very lightly contaminated with residual magic.
You closely miss JeffiDaFish's ghost.
JeffiDaFish's ghost is moderately damaged.
JeffiDaFish's ghost hits you.
* * * LOW HITPOINT WARNING * * *
You miss JeffiDaFish's ghost.
JeffiDaFish's ghost is moderately damaged.
JeffiDaFish's ghost whispers, "Death doesn't hurt.
What you feel is life." JeffiDaFish's ghost misses you.
You barely miss JeffiDaFish's ghost.
JeffiDaFish's ghost is moderately damaged.
You hit JeffiDaFish's ghost but do no damage.
JeffiDaFish's ghost is moderately damaged.
JeffiDaFish's ghost barely misses you.
You hit JeffiDaFish's ghost but do no damage.
JeffiDaFish's ghost is lightly damaged.
JeffiDaFish's ghost hits you.
You die...

## .# ##.#
#########<.#
......W@..##
.8(...###.#
8(8(. >.#
._.8 ### 8.8
.8 .


You could see JeffiDaFish's ghost.

Vanquished Creatures
  Sigmund (D:2)
  Natasha (D:2)
  Robin (D:2)
  3 adders
  A leopard gecko (D:1)
  2 giant cockroaches (D:1)
  12 goblins
  12 hobgoblins
  A kobold (D:2)
  3 ball pythons
  6 bats
  2 frilled lizards
  4 rats
49 creatures vanquished.

Vanquished Creatures (others)
  4 toadstools (D:1)
4 creatures vanquished.

Grand Total: 53 creatures vanquished

Notes
Turn   | Place    | Note
-------+----------+-------------------------------------------
     0 | D:1      | JeffiDaFish the Spriggan Hunter began the quest for the Orb.
     0 | D:1      | Reached XP level 1. HP: 10/10 MP: 2/2
    37 | D:1      | Reached skill level 5 in Bows
   199 | D:1      | Reached XP level 2. HP: 14/14 MP: 3/3
   717 | D:2      | Reached XP level 3. HP: 9/18 MP: 4/4
   882 | D:2      | Reached skill level 6 in Bows
   924 | D:2      | Noticed Sigmund
   968 | D:2      | Killed Sigmund
   968 | D:2      | Reached skill level 7 in Bows
   968 | D:2      | Reached XP level 4. HP: 13/23 MP: 5/5
   968 | D:2      | Reached XP level 5. HP: 14/26 MP: 6/6
  1124 | D:2      | Noticed Robin
  1133 | D:2      | Killed Robin
  1456 | D:2      | Noticed Natasha
  1463 | D:2      | Killed Natasha
  1463 | D:2      | Reached skill level 1 in Short Blades
  1774 | D:3      | Found a faded altar of an unknown god.
  1782 | D:3      | Reached XP level 6. HP: 18/30 MP: 7/7
  1928 | D:3      | Noticed JeffiDaFish's ghost (amateur SpHu)
  1950 | D:3      | Slain by JeffiDaFish's ghost

Skill      XL: |  1  2  3  4  5 |
---------------+----------------+-----
Bows           | 5 7 |  7.7
Fighting       | 2 |  2.2
Stealth        | 2 |  2.6
Short Blades   | 1 |  1.2
Dodging        | |  3.9

Action                   |  1- 3 |  4- 6 || total
-------------------------+-------+-------++-------
Melee: Short sword       |     4 |     9 ||    13
       Rapier            |       |    58 ||    58
       Dagger            |       |     5 ||     5
 Fire: Shortbow          |    58 |    15 ||    73
  Use: Scroll            |     5 |     3 ||     8
       Potion            |     3 |     3 ||     6
Armor: Robe              |     2 |     2 ||     4
Dodge: Dodged            |    12 |    54 ||    66
